 Dungeon Crawl Stone Soup version 0.23-a0-494-g91793a9 (webtiles) character file.

99 zishaf the Sneak (level 5, -5/32 HPs)
             Began as a Kobold Assassin on Dec 3, 2018.
             Killed from afar by Natasha (7 damage)
             ... with a magic dart
             ... on level 2 of the Dungeon.
             The game lasted 00:03:12 (2441 turns).

zishaf the Sneak (Kobold Assassin)                  Turns: 2441, Time: 00:03:13

Health: -5/32      AC:  3    Str:  9    XL:     5   Next: 2%
Magic:  5/5        EV: 15    Int: 13    God:
Gold:   129        SH:  0    Dex: 18    Spells: 4/4 levels left

rFire    . . .     SeeInvis .   a - +2 dagger
rCold    . . .     Gourm    .   (shield restricted)
rNeg     + . .     Faith    .   c - +0 robe
rPois    .         Spirit   .   (no helmet)
rElec    .         Reflect  .   d - +0 cloak
rCorr    .         Harm     .   (no gloves)
MR       .....                  (no boots)
Stlth    ++++......             u - amulet of inaccuracy (curse)
HPRegen  0.10/turn              q - ring of positive energy
MPRegen  0.09/turn              o - +2 ring of dexterity

@: no status effects
A: small, carnivore
a: no special abilities


You were on level 2 of the Dungeon.
You were completely stuffed.

You visited 1 branch of the dungeon, and saw 2 of its levels.

You collected 129 gold pieces.

Inventory:

Hand Weapons
 a - a +2 dagger (weapon)
 b - a +0 blowgun
Missiles
 e - 27 poisoned needles
 f - 2 curare-tipped needles
Armour
 c - a +0 robe (worn)
 d - a +0 cloak (worn)
Jewellery
 o - a +2 ring of dexterity (right hand)
 q - a ring of positive energy (left hand)
 u - a cursed amulet of inaccuracy (around neck)
Scrolls
 i - a scroll of remove curse {unknown}
 j - a scroll of enchant weapon {unknown}
 l - 3 scrolls of random uselessness {unknown}
 m - a scroll of fog {unknown}
 n - a scroll of identify {unknown}
 p - a scroll of teleportation {unknown}
 s - a scroll of blinking {unknown}
Potions
 h - a potion of ambrosia {unknown}
 k - a potion of heal wounds {unknown}
 r - a potion of magic {unknown}
Comestibles
 g - 7 rations
 t - 4 chunks of flesh


   Skills:
 + Level 2.9 Fighting
 * Level 4.2 Short Blades
 - Level 2.1 Throwing
 + Level 2.3 Dodging
 * Level 6.4 Stealth


You had 4 spell levels left.
You didn't know any spells.
Your spell library was empty.

Dungeon Overview and Level Annotations

Branches:
Dungeon (2/15)

Altars:
Nemelex Xobeh

Annotations:
D:2 Natasha


Innate Abilities, Weirdness & Mutations

You are small and have problems with some larger weapons.
You are carnivorous and can eat meat at any time.


Message History

Natasha is severely wounded.
Natasha casts a spell at you. You resist with some effort.
You closely miss Natasha.
Natasha is severely wounded.
Natasha mewls in sadness.
Natasha closely misses you.
You hit Natasha but do no damage.
Natasha is severely wounded.
You hit Natasha.
Natasha is almost dead.
Natasha closely misses you.
You barely miss Natasha.
Natasha is almost dead.
Natasha barely misses you.
You completely miss Natasha.
Natasha is almost dead.
Natasha stares at you and mumbles some strange words.
The magic dart hits you!
You die...

#.# ##.## #.##.#.# ##
#.####...#### #.##.#.#
)###.#........[# #.##.#.######
#.##.#......# #.##........#
##.#.#....รท###. #.##.#.####.#
............##.# #.##.#.# #.####
##.#.......###.# #.##.#.# #.##.#
#.####....####.###....#.# #.#...
.## #.#.#......@h5.....# #.##.#
######.#...###(###..########....#
.........>.....###..# #.........
######.####.........####.########
#.# #.<..####......# #.#######.#
######## #....)....# ###########


You could see Natasha and a white imp.

Vanquished Creatures
  Natasha (D:2)
  A howler monkey skeleton (D:2)
  3 adders (D:2)
  A worm (D:2)
  3 bats
  4 giant cockroaches
  6 hobgoblins
  5 jackals (D:1)
  A ball python (D:1)
  5 frilled lizards
  A goblin (D:1)
  3 kobolds (D:2)
  4 rats
38 creatures vanquished.

Notes
Turn   | Place    | Note
-------+----------+-------------------------------------------
     0 | D:1      | zishaf the Kobold Assassin began the quest for the Orb.
     0 | D:1      | Reached XP level 1. HP: 12/12 MP: 1/1
    90 | D:1      | Reached XP level 2. HP: 13/17 MP: 2/2
   445 | D:1      | Found a sparkling altar of Nemelex Xobeh.
  1193 | D:2      | Reached XP level 3. HP: 16/22 MP: 3/3
  1573 | D:2      | Reached skill level 6 in Stealth
  1586 | D:2      | Noticed Natasha
  1605 | D:2      | Killed Natasha
  1605 | D:2      | Reached XP level 4. HP: 19/27 MP: 4/4
  2228 | D:2      | Reached XP level 5. HP: 32/32 MP: 5/5
  2411 | D:2      | Noticed Natasha
  2441 | D:2      | Killed from afar by Natasha

Vault maps used:
D:1:      erik_arrival_cave_to_civilisation, dk_noncrumbling_2,
          nemelex_diamond_rough_becter
D:2:      uniq_natasha

Skill      XL: |  1  2  3  4 |
---------------+-------------+-----
Short Blades   | 3 4 |  4.2
Dodging        | 2 |  2.3
Stealth        | 6 |  6.4
Fighting       | |  2.9
Throwing       | |  2.1

Action                   |  1- 3 |  4- 6 || total
-------------------------+-------+-------++-------
Melee: Dagger            |   109 |    74 ||   183
 Fire: Blowgun           |     4 |       ||     4
 Stab: Sleeping          |     6 |     4 ||    10
  Eat: Chunk             |    10 |     3 ||    13
Armor: Robe              |    14 |     6 ||    20
Dodge: Dodged            |    58 |    52 ||   110

Table legend:
 A = Non-vault XP
 B = Vault XP
 C = Vault XP percentage of total XP
 D = Non-vault monster count
 E = Vault monster count
 F = Vault count percentage of total count
                 A         B        C        D         E       F
            +---------+---------+-------+---------+---------+-------
      Total |     104 |      38 |  26.8 |      35 |       3 |   7.9
            +---------+---------+-------+---------+---------+-------
        D:1 |      18 |       3 |  14.3 |      11 |       2 |  15.4
        D:2 |      86 |      35 |  28.9 |      24 |       1 |   4.0
            +---------+---------+-------+---------+---------+-------
